 Dungeon Crawl Stone Soup version 0.30-b1-2-g02819fbbbe (webtiles) character file.

Game seed: 17087865266719018120

3444 prikolics the Sneak (level 10, -25/86 HPs)
             Began as a Naga Warper on Aug 8, 2023.
             Was a Believer of Cheibriados.
             Annihilated by a komodo dragon (28 damage)
             ... on level 1 of the Lair of Beasts on Aug 9, 2023.
             The game lasted 01:14:42 (8306 turns).

prikolics the Sneak (Naga Warper)                   Turns: 8306, Time: 01:14:42

Health: -25/86     AC:  9    Str: 20    XL:     10   Next: 5%
Magic:  12/19      EV: 21    Int: 21    God:    Cheibriados [**....]
Gold:   428        SH:  0    Dex: 16    Spells: 12/21 levels left

rFire   . . .        o - +2 spear (venom)
rCold   + . .        (no shield)
rNeg    . . .        h - +2 leather armour {rC+}
rPois   +            s - +0 helmet
rElec   .            (no cloak)
rCorr   .            (no gloves)
SInv    +            (no barding)
Will    +....        (no amulet)
Stlth   ++++         e - +5 ring of evasion
HPRegen 0.34/turn    j - +5 ring of evasion
MPRegen 0.16/turn

%: no passive effects
@: short of breath, very slow
A: AC +3, large, see invisible, deformed body, poison resistance, slowness 2,
spit poison 1, naga tail 1, stinger 1, iridescent scales 1, wild magic 1
a: Spit Poison, Renounce Religion, Bend Time


You were on level 1 of the Lair of Beasts.
You worshipped Cheibriados.
Cheibriados was pleased with you.
You visited 2 branches of the dungeon, and saw 10 of its levels.

You collected 428 gold pieces.

Inventory:

Hand Weapons
 f - a +1 dagger of distortion
 o - a +2 spear of venom (weapon)
 r - a +2 scimitar of protection
 F - a +2 spectral quarterstaff
Missiles
 d - 4 boomerangs of dispersal
 q - 53 stones
 A - 26 poisoned darts (quivered)
 L - a curare-tipped dart
Armour
 h - a +2 leather armour of cold resistance (worn)
 s - a +0 helmet (worn)
 D - +0 steam dragon scales
Magical Staves
 I - a staff of death
 M - a staff of fire
Jewellery
 e - a +5 ring of evasion (left hand)
 j - a +5 ring of evasion (right hand)
Wands
 E - a wand of light (17)
 H - a wand of flame (12)
Scrolls
 a - a scroll of immolation
 b - a scroll of torment {unknown}
 c - a scroll of blinking
 g - 2 scrolls of summoning
 i - 2 scrolls of poison
 k - 4 scrolls of vulnerability {unknown}
 l - 2 scrolls of fear {unknown}
 p - a scroll of teleportation
 x - 2 scrolls of enchant armour {unknown}
 y - a scroll of brand weapon {unknown}
 B - a scroll of amnesia {unknown}
 C - 2 scrolls of silence {unknown}
 J - a scroll of magic mapping {unknown}
Potions
 n - a potion of curing
 t - 2 potions of magic
 v - a potion of invisibility {unknown}
 w - a potion of ambrosia {unknown}
 z - a potion of brilliance
 G - a potion of resistance {unknown}
 K - a potion of mutation
 N - a potion of might {unknown}


   Skills:
 + Level 4.3 Fighting
 + Level 6.6 Polearms
 + Level 3.6 Throwing
 - Level 0.7 Armour
 + Level 4.1 Dodging
 + Level 7.8 Stealth
 * Level 6.0 Spellcasting
 + Level 6.6 Translocations
 + Level 0.2 Evocations


You had 12 spell levels left.
You knew the following spells:

 Your Spells              Type           Power      Damage    Failure   Level
a - Blink                 Tloc           88%        N/A       2%          2
b - Teleport Other        Tloc           44%        N/A       4%          3
c - Manifold Assault      Tloc           44%        N/A       12%         4

Your spell library contained the following spells:

 Spells                   Type           Power      Damage    Failure   Level
 Lesser Beckoning         Tloc           88%        N/A       2%          2
 Momentum Strike          Conj/Tloc      52%        3d9       8%          2
 Portal Projectile        Hex/Tloc       52%        N/A       13%         3
 Vhi's Electric Charge    Tloc/Air       52%        N/A       13%         3
 Inner Flame              Hex/Fire       8%         N/A       43%         3
 Ozocubu's Armour         Ice            8%         N/A       43%         3
 Tukima's Dance           Hex            8%         N/A       43%         3
 Blade Hands              Tmut           4%         N/A       98%         5
 Yara's Violent Unravell  Hex/Tmut       4%         3d4       98%         5
 Enfeeble                 Hex            4%         N/A       100%        7
 Ozocubu's Refrigeration  Ice            4%         4d8       100%        7


Dungeon Overview and Level Annotations

Branches:
Dungeon (9/15)             Temple (0/1) D:7            Lair (1/5) D:8
    Orc: D:9-12

Altars:
Cheibriados
Gozag
Okawaru
Qazlal
Sif Muna
Trog
Vehumet
Xom
Yredelemnul

Shops:
D:7 ((   D:8 [

Annotations:
D:4 3 runed translucent doors, LLlMATKO's ghost, novice MiBe
D:8 4 runed translucent doors


Innate Abilities, Weirdness & Mutations

Your serpentine skin is tough. (AC +3)
You have supernaturally acute eyesight. (SInv)
Armour fits poorly on your strangely shaped body.
Your system is resistant to poisons. (rPois)
You cover ground very slowly.
You can spit poison.
You have a snake-like lower body.
Your tail ends in a venomous barb.
You are partially covered in iridescent scales. (AC +2)
Your spells are a little harder to cast, but a little more powerful.


Message History

The blink frog blinks!
The blink frog hits you but does no damage.
The blink frog blinks! x2
Casting: Blink (safe; 2% risk of failure)
Confirm with . or Enter, or press ? or * to list all spells.
Okay, then.
As you read the scroll of fog, it crumbles to dust.
The scroll dissolves into smoke.
The blink frog hits you but does no damage.
Casting: Blink (safe; 2% risk of failure)
Confirm with . or Enter, or press ? or * to list all spells.
You blink.
The blink frog barely misses you.
The blink frog attacks as you move away!
The blink frog hits you!
* * * LOW HITPOINT WARNING * * *
The blink frog blinks! x2
Aiming: Spit Poison (1% risk of failure)
Press: ? - help, Shift-Dir - straight line, f - komodo dragon, p - blink frog
Aim: a komodo dragon (blue smoke, 74% to hit)
The splash of poison hits the komodo dragon.
The komodo dragon is poisoned.
The komodo dragon is lightly wounded.
The komodo dragon completely misses you.
The blink frog hits you!
* * * LOW HITPOINT WARNING * * *
Casting: Blink (safe; 2% risk of failure)
Confirm with . or Enter, or press ? or * to list all spells.
You blink.
Splash!
You fall into the shallow water.
As you read the scroll of fog, it crumbles to dust.
The scroll dissolves into smoke.
You feel stable enough to blink again.
The blink frog blinks!
Casting: Blink (safe; 2% risk of failure)
Confirm with . or Enter, or press ? or * to list all spells.
You blink.
The blink frog croaks.
The komodo dragon bites you!!
You die...

......~≈≈≈≈≈~.~
~≈....~≈≈≈≈≈~.~...~
~≈....~≈≈≈≈≈~.~...~
≈≈....≈≈≈≈≈≈~.~...~..#
≈≈....~≈≈≈≈≈~.~...~..#
≈~....~§≈≈≈≈~§F..F~..#
#P....§§§≈≈≈~.§...#..#######
#...§§§§§~~§§~..........F..
#....§§§..@§§§§§§#.........
#...~≈~~~~l§§§§§§.§.§F.....
....##≈≈~~≈~§§.§§§..§.......
### ##≈≈~≈~.§§#§#.##.F.....
##≈≈≈≈...§.§§.#.......
#####.F.#....#.......
#...#............
....#....+.......
.....#....#.......


You could see a komodo dragon (poisoned) and 2 blink frogs.

Vanquished Creatures
  A slime creature (D:8)
  A shadow (D:8)
  A yak (D:8)
  2 wyverns
  Menkaure (D:5)
  2 steam dragons
  A water moccasin (D:7)
  3 ice beasts
  An orc warrior (D:8)
  A black bear (D:6)
  2 ogres
  A phantom (D:7)
  5 bullfrogs
  3 kobold brigands
  A scorpion (D:4)
  A howler monkey (D:8)
  An electric eel (Lair:1)
  A hound (D:6)
  6 orc priests
  3 jellies
  7 orc wizards
  3 iguanas
  11 adders
  A gnoll (D:1)
  A shadow imp (D:5)
  3 white imps
  An ufetubus (D:4)
  2 worms
  3 dart slugs
  25 orcs
  9 endoplasms
  2 giant cockroaches
  11 goblins
  5 hobgoblins
  3 jackals (D:2)
  13 kobolds
  2 quokkas
  6 ball pythons
  5 bats
  3 frilled lizards
  5 rats
  A butterfly (D:7)
160 creatures vanquished.

Vanquished Creatures (others)
  A bullfrog (D:6)
  7 plants
8 creatures vanquished.

Grand Total: 168 creatures vanquished

Notes
Turn   | Place    | Note
-------+----------+-------------------------------------------
     0 | D:1      | prikolics the Naga Warper began the quest for the Orb.
     0 | D:1      | Reached XP level 1. HP: 19/19 MP: 3/3
   225 | D:1      | Reached XP level 2. HP: 22/26 MP: 5/5
   232 | D:1      | Learned a level 2 spell: Blink
   560 | D:1      | Reached skill level 1 in Stealth
   560 | D:1      | Reached XP level 3. HP: 32/32 MP: 6/6
   831 | D:2      | Reached skill level 2 in Stealth
  1551 | D:2      | Reached XP level 4. HP: 39/39 MP: 7/7
  1558 | D:2      | Reached skill level 3 in Stealth
  1740 | D:3      | Noticed an ice beast
  1751 | D:3      | Reached skill level 1 in Throwing
  1774 | D:4      | Noticed a scorpion
  1793 | D:5      | Entered Level 5 of the Dungeon
  1929 | D:5      | Noticed an ogre
  1970 | D:4      | Killed a scorpion
  1971 | D:4      | Reached XP level 5. HP: 22/46 MP: 8/8
  2204 | D:3      | Reached skill level 4 in Stealth
  2247 | D:3      | Reached XP level 6. HP: 43/55 MP: 9/9
  2251 | D:3      | Learned a level 3 spell: Teleport Other
  2554 | D:4      | Found a radiant altar of Vehumet.
  2665 | D:4      | Found an iron altar of Okawaru.
  2690 | D:4      | Found a bloodstained altar of Trog.
  2733 | D:4      | Found a runed translucent gate.
  2733 | D:4      | Found a runed translucent gate.
  2734 | D:4      | Found a runed translucent gate.
  2737 | D:4      | Noticed LLlMATKO's ghost (novice MiBe)
  3068 | D:4      | Killed an ice beast
  3266 | D:5      | Reached XP level 7. HP: 42/61 MP: 10/10
  3267 | D:5      | Noticed Menkaure
  3353 | D:4      | Reached skill level 5 in Stealth
  3922 | D:6      | Noticed a steam dragon
  3937 | D:6      | Killed a steam dragon
  3938 | D:6      | Reached skill level 6 in Stealth
  3938 | D:6      | Reached XP level 8. HP: 43/69 MP: 8/11
  4147 | D:6      | Noticed a wyvern
  4246 | D:6      | Reached skill level 5 in Translocations
  4297 | D:6      | Reached skill level 5 in Polearms
  4307 | D:6      | Found a stormy altar of Qazlal.
  4314 | D:6      | Found a basalt altar of Yredelemnul.
  4314 | D:6      | Found an opulent altar of Gozag.
  4459 | D:6      | Killed a wyvern
  4460 | D:6      | Reached skill level 7 in Stealth
  4536 | D:6      | Found a snail-covered altar of Cheibriados.
  4556 | D:6      | Became a worshipper of Cheibriados the Contemplative
  5111 | D:7      | Noticed a troll
  5258 | D:7      | Found a staircase to the Ecumenical Temple.
  5450 | D:7      | Reached XP level 9. HP: 69/78 MP: 13/13
  5479 | D:7      | Found Ethehupp's Antique Weapon Emporium.
  5640 | D:7      | Reached * piety under Cheibriados
  5667 | D:7      | Found a shimmering altar of Xom.
  5885 | D:7      | Found Qita's Weapon Shop.
  6030 | D:7      | Learned a level 4 spell: Manifold Assault
  6518 | D:8      | Found Cheibriados's Comfort Zone.
  6518 | D:8      | Found a snail-covered altar of Cheibriados.
  6787 | D:8      | Found a large runed translucent door.
  6791 | D:8      | Found a large runed translucent door.
  6791 | D:8      | Noticed a gargoyle
  6802 | D:8      | Reached ** piety under Cheibriados
  6814 | D:8      | Found a staircase to the Lair.
  6872 | D:8      | Found a large runed translucent door.
  6873 | D:8      | Found a large runed translucent door.
  6925 | D:8      | Reached skill level 5 in Spellcasting
  7203 | D:8      | Noticed a two-headed ogre
  7353 | D:9      | Found Libugealo's Antique Weapon Shop.
  7401 | D:9      | Noticed a two-headed ogre
  7563 | D:5      | Gained mutation: Your spells are a little harder to cast,
                  | but a little more powerful. [potion of mutation]
  7563 | D:5      | Gained mutation: Your tail ends in a venomous barb. [potion
                  | of mutation]
  7563 | D:5      | Gained mutation: You are partially covered in iridescent
                  | scales. (AC +2) [potion of mutation]
  7566 | D:5      | Killed Menkaure
  7851 | D:5      | Found a shimmering blue altar of Sif Muna.
  8126 | D:8      | Reached XP level 10. HP: 77/86 MP: 18/18
  8151 | Lair:1   | Entered Level 1 of the Lair of Beasts
  8169 | Lair:1   | HP: 2/86 [komodo dragon (10)]
  8303 | Lair:1   | HP: 2/86 [blink frog (15)]
  8306 | Lair:1   | Annihilated by a komodo dragon

Illustrated notes

Levels and vault maps discovered:
D:1:      amcnicky_arrival_abandoned_market, layout_basic, nicolae_grassy_gnolls
D:2:      layout_basic, kennysheep_generic_room_13
D:3:      layout_basic
D:4:      layout_rooms, mainiacjoe_overflow_surrounded_room,
          mainiacjoe_overflow_alcove_1, vehumet_crystals,
          ebering_ghost_rock_garden
D:5:      layout_rooms, nicolae_sif_muna_little_library, grunt_decor_fettered,
          uniq_menkaure
D:6:      layout_layer_cave, kennysheep_mini, minitemple
D:7:      layout_basic, xom_butterflies, minmay_temple_entry_overgrown,
          serial_shops, nicolae_shop_real_fake_doors, shop
D:8:      layout_layer_cave, lair_entry_dummy, minmay_shop_chei,
          minmay_hollow_rounded_squares
D:9:      layout_stronghold, mainiacjoe_overflow_alcove_4, serial_shops,
          nicolae_shop_statue_plus, nicolae_shop_tiny_waterfront,
          nicolae_lakefront_shop, nicolae_shop_pleasant_corner_grove,
          nicolae_shop_stone, nicolae_shop_overcharged_wands
Lair:1:   layout_chaotic_city, nicolae_volcano_entry_two_sided,
          dpeg_stationary_puzzle

Skill      XL: |  1  2  3  4  5  6  7  8  9 10 |
---------------+-------------------------------+-----
Stealth        | 1 2 3 4 6 7 |  7.8
Polearms       | 3 4 5 6 |  6.6
Throwing       | 1 2 3 |  3.6
Translocations | 4 5 6 |  6.6
Dodging        | 2 3 4 |  4.1
Fighting       | 3 4 |  4.3
Spellcasting   | 3 5 6 |  6.0
Armour         | |  0.7
Evocations     | |  0.2

Action                     |  1- 3 |  4- 6 |  7- 9 | 10-12 || total
---------------------------+-------+-------+-------+-------++-------
  Melee: Spear             |    83 |   121 |   281 |    15 ||   500
         Punch             |       |       |     4 |       ||     4
  Throw: Stone             |    13 |       |       |       ||    13
         Boomerang         |     3 |     8 |    49 |     1 ||    61
         Dart              |       |       |       |     1 ||     1
   Cast: Blink             |     1 |     5 |    22 |     6 ||    34
         Manifold Assault  |       |       |     5 |       ||     5
 Invoke: Bend Time         |       |       |     1 |     1 ||     2
Ability: Spit Poison       |    29 |    40 |    65 |     4 ||   138
  Evoke: Wand              |       |       |     2 |     1 ||     3
    Use: Potion            |       |     1 |     4 |     2 ||     7
         Scroll            |       |     4 |     6 |     3 ||    13
   Stab: Sleeping          |       |     4 |     3 |       ||     7
 Armour: Leather armour    |    14 |    52 |    46 |     3 ||   115
  Dodge: Dodged            |    41 |   114 |   144 |    11 ||   310
